 Dungeon Crawl Stone Soup version 0.18-a0-824-g47fe746 (webtiles) character file.

65 tof the Ruffian (level 3, -7/33 HPs)
             Began as a Minotaur Monk on Dec 17, 2015.
             Mangled by Natasha (8 damage)
             ... on level 2 of the Dungeon.
             The game lasted 00:06:30 (1207 turns).

tof the Ruffian (Minotaur Monk)                     Turns: 1207, Time: 00:06:31

Health: -7/33      AC:  8    Str: 15    XL:     3   Next: 92%
Magic:  2/2        EV: 11    Int:  7    God:
Gold:   71         SH:  3    Dex: 13    Spells: 0 memorised, 2 levels left

rFire  + . .     SeeInvis +     f - +0 hand axe
rCold  . . .     Gourm    .     h - +2 ring mail {rF+}
rNeg   . . .     Faith    .     d - +0 buckler
rPois  .         Spirit   .     (helmet restricted)
rElec  .         Dismiss  .     (no cloak)
rCorr  .         Reflect  .     j - +0 pair of gloves
SustAt .         Harm     .     (no boots)
MR     .....                    (no amulet)
Stlth  +.........               (no ring)
                                a - ring of see invisible

@: not resistant to hostile enchantments, very unstealthy
A: retaliatory headbutt, horns 2
a: no special abilities


You were on level 2 of the Dungeon.
You were not hungry.

You visited 1 branch of the dungeon, and saw 2 of its levels.

You collected 71 gold pieces.

Inventory:

Hand Weapons
 f - a +0 hand axe (weapon)
Armour
 d - a +0 buckler (worn)
 g - a +0 leather armour
 h - a +2 ring mail of fire resistance (worn)
 j - a +0 pair of gloves (worn)
Jewellery
 a - a ring of see invisible (left hand)
Scrolls
 e - 2 scrolls of identify
Books
 k - a book of the Tempests

   Spells                             Type                      Level
   a - Static Discharge               Conjuration/Air              3
   b - Lightning Bolt                 Conjuration/Air              5
   c - Fireball                       Conjuration/Fire             5
   d - Tornado                        Air                          9
   e - Shatter                        Earth                        9
Comestibles
 b - 2 bread rations
 c - a chunk of flesh
 i - a meat ration


   Skills:
 + Level 4.2 Fighting
 + Level 0.5 Axes
 + Level 0.8 Armour
 + Level 3.7 Dodging
 + Level 1.8 Stealth
 + Level 5.2 Unarmed Combat


You had 2 spell levels left.
You didn't know any spells.

Dungeon Overview and Level Annotations

Branches:
Dungeon (2/15)

Altars:

Annotations:
D:2 Natasha


Innate Abilities, Weirdness & Mutations

You reflexively headbutt those who attack you in melee.
You have a pair of horns on your head.


Message History

You barely miss Natasha. Natasha claws you.
Natasha claws you but does no damage.
You hit the iron imp but do no damage. You closely miss Natasha.
Natasha claws you.
Natasha mumbles some strange words.
You feel disoriented. Natasha misses you.
The iron imp hits you but does no damage.
You hit the iron imp. You headbutt the iron imp.
The iron imp is severely wounded.
You hit Natasha but do no damage. Natasha claws you! Natasha claws you.
* * * LOW HITPOINT WARNING * * *
The iron imp hits you!
* * * LOW HITPOINT WARNING * * *
You are too injured to fight recklessly!
You hit Natasha but do no damage. You hit the iron imp but do no damage.
The iron imp is severely wounded.
The iron imp disappears in a puff of smoke!
Natasha claws you but does no damage. Natasha claws you!
You die...

##############.#
#..............#
#.#####....############ ##
#......................
...#...###..#.###.........
...#..>...................
#.#.....###.#.###.........
..!....#.h...............
.......#@ยง....##...####..
.#.........##...####..
#..#......#.......###
#..#......#.......# #
#..###.#.#........### #..#
..#.#...........
#..#.###.#...###.....
...#.....#...#####...
#.........#...#<......


You could see Natasha.

Vanquished Creatures
  Natasha (D:2)
  An ooze (D:1)
  A worm (D:2)
  2 giant geckos (D:2)
  3 bats
  3 goblins (D:1)
  4 hobgoblins
  3 jackals (D:2)
  4 giant newts
  6 kobolds
  6 rats (D:1)
34 creatures vanquished.

Notes
Turn   | Place    | Note
--------------------------------------------------------------
     0 | D:1      | tof the Minotaur Monk began the quest for the Orb.
     0 | D:1      | Reached XP level 1. HP: 19/19 MP: 0/0
    40 | D:1      | Reached XP level 2. HP: 9/27 MP: 1/1
   811 | D:2      | Reached XP level 3. HP: 31/33 MP: 2/2
   837 | D:2      | Reached skill level 5 in Unarmed Combat
  1173 | D:2      | Noticed Natasha
  1184 | D:2      | Killed Natasha
  1198 | D:2      | Noticed Natasha
  1206 | D:2      | HP: 1/33 [iron imp[Natasha] (8)]
  1207 | D:2      | Mangled by Natasha

Vault maps used:
D:1:      roderic_crop_circles_arrival_small
D:2:      st_stairs_9, uniq_natasha

Action                   || total
-------------------------++-------
Melee: Unarmed           ||    23
       Hand axe          ||    49
       Club              ||     7
  Use: Scroll            ||     2
 Stab: Distracted        ||     1
       Sleeping          ||     2
  Eat: Chunk             ||     1
